Get step-by-step instructions on how to execute this build order below. Start the game timer, and the build order will tick by so you can play in parallel with StarCraft on a second screen or mobile device.

Game Time

  0:00

Last Step

  N/A

Next Step

Upcoming Step



Don't want to look back and forth between 2 screens? Try out our Overwolf App, the Spawning Tool Build Advisor to get an in-game overlay with this build!

Complete Build Order

  12  0:00  SCV  
  13  0:12  SCV  
  14  0:17  Supply Depot  
  14  0:25  SCV  
  15  0:38  SCV  
  15  0:39  Barracks  
  16  0:45  Refinery  
  16  0:50  SCV  
  17  1:02  SCV  
  18  1:14  SCV  
  19  1:27  Orbital Command  
  19  1:28  Reaper  
  20  1:41  Command Center  
  20  1:53  SCV  
  21  1:55  Supply Depot  
  21  2:00  Reaper  
  22  2:03  Refinery  
  22  2:05  SCV  
  23  2:17  SCV  
  24  2:27  Factory  
  24  2:29  SCV  
  25  2:36  Barracks Reactor  
  24  2:41  SCV  
  25  2:52  Orbital Command  
  25  2:53  SCV  
  26  3:05  SCV  
  27  3:11  Command Center  
  24  3:17  SCV  
  24  3:19  SCV  
  25  3:23  Cyclone  
  25  3:30  Cyclone  
  25  3:31  SCV x2  
  27  3:43  SCV x2, Starport  
  29  3:55  SCV x2  
  30  3:56  Cyclone  
  30  4:02  Cyclone  
  35  4:03  Barracks Tech Lab  
  35  4:07  SCV  
  35  4:08  SCV  
  37  4:18  Refinery  
  37  4:19  SCV  
  37  4:20  SCV  
  39  4:24  Orbital Command  
  39  4:28  Raven  
  41  4:32  Interference Matrix  
  41  4:33  SCV x2  
  41  4:36  Cyclone  
  45  4:44  Cyclone  
  45  4:45  SCV x2  
  49  4:48  Barracks Tech Lab  
  49  4:50  SCV  
  50  4:57  SCV x2  
  50  4:59  Supply Depot  
  52  5:02  SCV  
  52  5:06  Raven  
  55  5:09  SCV x2  
  55  5:11  Cyclone  
  59  5:14  Marine, Supply Depot, SCV  
  59  5:20  Cyclone  
  63  5:21  SCV  
  63  5:22  SCV, Refinery  
  63  5:25  Supply Depot  
  63  5:28  SCV  
  66  5:32  Marine  
  66  5:33  Orbital Command, SCV  
  66  5:34  SCV  
  69  5:38  Supply Depot  
  69  5:40  Raven  
  71  5:46  SCV  
  71  5:47  Barracks, SCV  
  67  5:58  Stimpack, SCV  
  67  5:59  SCV  
  67  6:00  SCV, Marine  
  67  6:02  Barracks  
  71  6:06  Factory Reactor  
  71  6:10  SCV  
  72  6:11  SCV  
  72  6:12  SCV  
  72  6:15  Engineering Bay  
  72  6:16  Engineering Bay  
  72  6:17  Marine  
  75  6:22  SCV  
  75  6:23  SCV  
  75  6:24  Starport Reactor  
  76  6:27  SCV  
  72  6:34  SCV  
  72  6:35  Barracks x2  
  72  6:36  SCV  
  72  6:39  SCV  
  75  6:45  Terran Infantry Weapons Level 1, Terran Infantry Armor Level 1  
  75  6:46  SCV, Marine x2  
  77  6:48  SCV  
  77  6:51  SCV  
  79  6:54  Siege Tank  
  79  6:58  SCV  
  79  7:00  Marine x2, SCV  
  86  7:03  SCV, Marine  
  86  7:04  Marine  
  61  7:08  Medivac x2  
  89  7:12  Supply Depot  
  89  7:14  Supply Depot  
  93  7:16  SCV x2  
  93  7:17  SCV  
  96  7:23  Barracks Reactor x2  
  96  7:24  Marine  
  96  7:25  Marine  
  96  7:27  Siege Tank  
  101  7:31  Refinery  
  101  7:33  SCV, Marine  
  101  7:35  Supply Depot  
  103  7:37  Combat Shield  
  103  7:38  Marine  
  103  7:39  SCV x2  
  103  7:43  Armory  
  106  7:46  Marine  
  106  7:48  SCV  
  106  7:50  Marine  
  109  7:51  SCV  
  109  7:53  Command Center, Marine  
  109  7:56  SCV  
  109  7:58  Supply Depot, Marine  
  113  7:59  Supply Depot  
  113  8:01  SCV  
  113  8:02  Siege Tank  
  113  8:03  Marine  
  118  8:06  SCV  
  118  8:08  Marine  
  118  8:09  Marine x3  
  118  8:11  Marine  
  124  8:14  SCV  
  124  8:15  Refinery  
  125  8:20  Supply Depot, Marine x2  
  125  8:22  Supply Depot, SCV  
  125  8:25  Marine  
  127  8:28  SCV  
  127  8:30  Marine  
  127  8:32  Marine  
  126  8:36  Marine  
  126  8:40  SCV x2  
  126  8:44  Supply Depot  
  126  8:45  Supply Depot